 Dungeon Crawl Stone Soup version 0.18.1-50-g88ac8fd (webtiles) character file.

566 Aleksmastering the Stinger (level 7, -1/41 HPs)
             Began as an Octopode Venom Mage on Oct 5, 2016.
             Was an Initiate of Gozag.
             Slain by an adder (5 damage)
             ... in a sewer.
             The game lasted 00:27:10 (3887 turns).

Aleksmastering the Stinger (Octopode Venom Mage)    Turns: 3887, Time: 00:27:11

Health: -1/41      AC:  1    Str:  7    XL:     7   Next: 32%
Magic:  12/13      EV:  2    Int: 20    God:    Gozag
Gold:   491        SH:  0    Dex: -14 (12)Spells: 4 memorised, 4 levels left

rFire  x . .     SeeInvis .     h - +2 dagger (elec)
rCold  + . .     Gourm    .     (no shield)
rNeg   . . .     Faith    .     l - +0 hat
rPois  +         Spirit   .     s - amulet of regeneration
rElec  .         Dismiss  .     j - ring of ice
rCorr  +         Reflect  .     m - ring of resist corrosion
SustAt .         Harm     .     x - ring of poison resistance
MR     .....                    (no ring)
Stlth  ..........               (no ring)
                                (no ring)
                                (no ring)
                                (no ring)

@: slowed, lost dexterity, very slow, not resistant to hostile enchantments,
extremely unstealthy
A: almost no armour, amphibious, 8 rings, constrict 8, camouflage 1, gelatinous
body 1
a: Potion Petition, Call Merchant, Bribe Branch, Renounce Religion


You were in a sewer.
You worshipped Gozag.
Gozag was noncommittal.
You were not hungry.

You visited 2 branches of the dungeon, and saw 7 of its levels.
You also visited: Sewer.

You collected 574 gold pieces.
You paid 83 gold pieces to Gozag.

Inventory:

Hand Weapons
 h - a +2 dagger of electrocution (weapon)
Armour
 l - a +0 hat (worn)
Jewellery
 j - a ring of ice (left tentacle)
 m - a ring of resist corrosion (right tentacle)
 s - an amulet of regeneration (around mantle)
 x - a ring of poison resistance (on tentacle)
Scrolls
 d - a scroll of amnesia
 i - a scroll of noise
 o - a scroll of enchant armour
 t - a scroll of magic mapping {unknown}
 v - a scroll of fog {unknown}
 w - a scroll of remove curse
 y - 2 scrolls of immolation {unknown}
Potions
 c - a potion of brilliance {unknown}
 e - a potion of flight {unknown}
 r - a potion of lignification
 u - a potion of degeneration {unknown}
Books
 a - a Young Poisoner's Handbook

   Spells                             Type                      Level
   a - Sting                          Conjuration/Poison           1
   b - Cure Poison                    Poison                       2
   c - Mephitic Cloud                 Conjuration/Poison/Air       3
   d - Olgreb's Toxic Radiance        Poison                       4
   e - Venom Bolt                     Conjuration/Poison           5
Comestibles
 b - 3 bread rations
 f - 4 meat rations
 g - 3 beef jerkies


   Skills:
 + Level 0.6 Short Blades
 + Level 2.8 Dodging
 + Level 3.4 Stealth
 + Level 4.4 Spellcasting
 + Level 2.9 Conjurations
 + Level 7.1 Poison Magic


You had 4 spell levels left.
You knew the following spells:

 Your Spells              Type           Power        Failure   Level  Hunger
a - Sting                 Conj/Pois      ###.         1%          1    None
b - Olgreb's Toxic Radia  Pois           ####....     10%         4    ####...
c - Mephitic Cloud        Conj/Pois/Air  ###.....     12%         3    ###....
d - Cure Poison           Pois           ####......   1%          2    #......


Dungeon Overview and Level Annotations

Branches:
Dungeon (7/15)             Temple (1/1) D:4

Altars:
Ashenzari
Dithmenos
Elyvilon
Fedhas
Gozag
Makhleb
Pakellas
Qazlal
Trog
Yredelemnul
The Shining One

Shops:
D:6 [

Annotations:
D:3 Grinder, Natasha, Sigmund


Innate Abilities, Weirdness & Mutations

You cannot wear most types of armour.
You are amphibious.
You can wear up to eight rings at the same time.
You can use your tentacles to constrict eight enemies at once.
Your skin changes colour to match your surroundings (Stealth).
Your rubbery body absorbs attacks (AC +1).


Message History

The adder bites you.
* * * LOW HITPOINT WARNING * * *
You see here a stone.
Casting: Sting
Confirm with . or Enter, or press ? or * to list all spells.
Aiming: Sting
Press: ? - help, Shift-Dir - straight line, f/p - quasit
Aim: a quasit The sting misses the quasit.
The adder bites you.
* * * LOW HITPOINT WARNING * * *
The adder bites you.
* * * LOW HITPOINT WARNING * * *
It was a potion of lignification.
You feel woody for a moment. The adder bites you.
* * * LOW HITPOINT WARNING * * *
The adder bites you.
* * * LOW HITPOINT WARNING * * *
The adder bites you.
You die...
Your body crumbles into a pile of gold.

#≈≈≈#≈≈≈≈≈≈≈.≈.#≈≈≈≈≈≈#≈≈≈#
#≈≈≈#≈≈≈≈≈≈#.≈.#≈≈≈≈≈≈#≈≈≈#
#≈≈≈#≈≈≈≈≈≈#(≈.≈≈≈≈≈≈≈#≈≈≈#
#≈≈≈#≈≈≈≈≈≈#.≈.#≈≈≈≈≈≈#≈≈≈#
#≈≈≈#≈≈≈≈≈≈≈.≈.#≈≈≈≈≈≈#≈(≈#
#≈≈≈#≈≈≈≈≈≈#≈)≈#≈≈≈≈≈≈#≈≈≈#
#≈≈≈#≈≈≈≈≈..5(.(.≈≈≈≈≈#≈≈≈#
#.≈≈#.≈≈≈..#≈(≈#..≈≈≈≈#≈≈≈#
#≈.≈#......#≈S@#...5..#≈..#
##.##+#######≈#######'##.##
#≈≈.#......#≈5K#......#.≈(#
#....≈≈≈)≈≈.....≈≈.≈≈≈..)≈#
#≈..#≈≈≈≈≈≈#..)#≈≈≈≈≈≈#.≈≈#
#############)#############
##...## ### ##..§..##...###
+......('.§..!#


You could see a quasit, an adder and an ufetubus.

Vanquished Creatures
  2 phantoms (D:6)
  A centaur zombie (D:7)
  A jelly (D:7)
  Natasha (D:3)
  An orc wizard (D:7)
  2 worker ants
  A big kobold zombie (Sewer)
  4 gnolls (D:7)
  6 adders
  A shadow imp (Sewer)
  2 ufetubi (Sewer)
  2 oozes
  A worm (D:6)
  3 dart slugs
  4 giant geckos
  5 orcs
  A ball python (D:1)
  4 bats
  A bat zombie (Sewer)
  6 giant cockroaches
  3 hobgoblins
  2 jackals (D:7)
  22 kobolds
  3 giant newts
  9 goblins
  2 kobold zombies (Sewer)
  8 rats
98 creatures vanquished.

Vanquished Creatures (others)
  2 scorpions (D:7)
  A giant gecko (D:7)
  An orc (D:7)
4 creatures vanquished.

Grand Total: 102 creatures vanquished

Notes
Turn   | Place    | Note
--------------------------------------------------------------
     0 | D:1      | Aleksmastering the Octopode Venom Mage began the quest for the Orb.
     0 | D:1      | Reached XP level 1. HP: 11/11 MP: 3/3
    71 | D:1      | Reached skill level 5 in Poison Magic
   206 | D:1      | Reached XP level 2. HP: 12/17 MP: 0/5
   791 | D:1      | Reached XP level 3. HP: 21/21 MP: 4/6
   809 | D:1      | You fall through a shaft!
   809 | D:2      | Found a faded altar to an unknown god.
  1015 | D:2      | Found a shattered altar of Ashenzari.
  1298 | D:2      | Reached XP level 4. HP: 21/27 MP: 0/8
  1300 | D:2      | Found a bloodstained altar of Trog.
  1513 | D:2      | Found a blossoming altar of Fedhas.
  1660 | D:3      | Noticed Sigmund
  1788 | D:3      | Reached skill level 1 in Conjurations
  1939 | D:3      | Noticed Natasha
  1942 | D:3      | Killed Natasha
  1972 | D:3      | Found a white marble altar of Elyvilon.
  2073 | D:3      | Noticed Grinder
  2171 | D:3      | Noticed Natasha
  2239 | D:4      | Reached skill level 6 in Poison Magic
  2239 | D:4      | Reached XP level 5. HP: 20/31 MP: 3/10
  2419 | D:4      | Found a shadowy altar of Dithmenos.
  2531 | D:4      | Found a staircase to the Ecumenical Temple.
  2554 | Temple   | Entered the Ecumenical Temple
  2634 | Temple   | Became a worshipper of Gozag Ym Sagoz the Greedy
  2688 | D:4      | You fall through a shaft for 3 floors!
  2705 | D:7      | Noticed an ogre
  2749 | D:7      | Learned a level 4 spell: Olgreb's Toxic Radiance
  2753 | D:7      | Learned a level 3 spell: Mephitic Cloud
  2756 | D:7      | Learned a level 2 spell: Cure Poison
  2859 | D:7      | Reached XP level 6. HP: 19/36 MP: 11/11
  3070 | D:6      | Found a stormy altar of Qazlal.
  3226 | D:6      | Found Homaofapn's Armour Boutique.
  3237 | D:6      | Noticed a phantom
  3286 | D:6      | Noticed a phantom
  3313 | D:6      | Killed a phantom
  3315 | D:6      | Killed a phantom
  3315 | D:6      | Reached skill level 7 in Poison Magic
  3315 | D:6      | Reached XP level 7. HP: 23/41 MP: 13/13
  3394 | D:6      | Found a glowing drain.
  3400 | Sewer    | Entered a sewer
  3682 | Sewer    | Found a burning altar of Makhleb.
  3812 | Sewer    | Lost dexterity.
  3887 | Sewer    | Slain by an adder

Skill      XL: |  1  2  3  4  5  6 |
---------------+-------------------+-----
Poison Magic   | 5 6 7 |  7.1
Spellcasting   | 3 4 |  4.4
Conjurations   | 1 2 |  2.9
Stealth        | 3 |  3.4
Short Blades   | |  0.6
Dodging        | |  2.8

Action                   |  1- 3 |  4- 6 |  7- 9 || total
-------------------------+-------+-------+-------++-------
Melee: Dagger            |     2 |    44 |    53 ||    99
       Constrict         |       |     5 |     8 ||    13
       Tentacles         |       |     7 |     7 ||    14
 Cast: Sting             |    67 |    73 |    44 ||   184
       Olgreb's Toxic Ra |       |     1 |       ||     1
       Cure Poison       |       |     1 |       ||     1
Invok: Potion Petition   |       |     1 |       ||     1
  Use: Scroll            |     2 |       |     2 ||     4
       Potion            |     2 |     1 |     2 ||     5
 Stab: Sleeping          |       |       |     1 ||     1
  Eat: Chunk             |     1 |     5 |       ||     6
       Pizza             |       |     1 |       ||     1
       Royal jelly       |       |       |     1 ||     1
Armor: Skin              |       |       |    17 ||    17
Dodge: Dodged            |     4 |    43 |    61 ||   108
